Map: Dash and Terminal LE (Void)

Players

Javert - Winner!

  • Race: Zerg Zerg
  • League: Grandmaster

Zarto

  • Race: Zerg Zerg
  • League: Grandmaster

VOD

Have the link to the VOD?

Description

Time

  • Played on: July 14, 2015, 6:28 p.m.
  • Length: 8:19
Show
View Real Time Build Order
Export as new Build Order

Javert Zerg - Winner!

Build Orders: Pool First 

Get SALT Encoding   

  12  0:01  Drone  
  13  0:09  Drone  
  14  0:15  Extractor  
  13  0:22  Drone  
  14  0:35  Spawning Pool  
  13  0:42  Overlord  
  13  0:45  Drone  
  14  1:04  Drone x2  
  16  1:22  Metabolic Boost, Queen  
  18  1:31  Zergling x6  
  21  1:43  Overlord  
  21  1:59  Baneling Nest  
  21  2:08  Zergling x4  
  21  2:15  Queen  
  24  2:18  Zergling x2  
  25  2:26  Zergling x2  
  26  2:35  Zergling x8  
  30  2:44  Baneling x2  
  27  3:10  Zergling x8  
  24  3:34  Hatchery  
  24  3:38  Zergling x4  
  24  3:39  Zergling x2  
  23  4:01  Baneling x3  
  23  4:03  Drone x4  
  27  4:24  Drone  
  27  4:25  Drone, Overlord  
  25  4:48  Drone x4  
  28  4:57  Lair  
  28  4:59  Extractor  
  27  5:03  Zergling x4  
  29  5:13  Drone  
  29  5:14  Drone  
  31  5:22  Drone x3  
  31  5:23  Drone x2  
  31  5:24  Baneling  
  31  5:25  Baneling  
  36  5:33  Drone x2  
  38  5:38  Zergling x2  
  39  5:51  Overlord x2  
  39  5:57  Extractor  
  39  6:01  Spire  
  39  6:02  Zergling x6  
  39  6:03  Zergling x6  
  43  6:05  Drone  
  43  6:06  Overlord  
  44  6:16  Drone x2  
  46  6:28  Drone x2  
  46  6:29  Drone x6  
  49  6:48  Overlord x2  
  49  7:00  Overlord x2  
  49  7:12  Mutalisk  
  49  7:13  Mutalisk x5, Extractor  
  57  7:18  Mutalisk  
  57  7:22  Zergling x8  
  63  7:27  Spine Crawler  
  62  7:43  Zergling x20  
Show
View Real Time Build Order
Export as new Build Order

Zarto Zerg 

Build Orders: Hatch First 

Get SALT Encoding   

  12  0:00  Drone  
  13  0:08  Drone  
  14  0:37  Hatchery, Drone  
  14  0:52  Extractor  
  13  0:57  Spawning Pool  
  13  1:00  Drone  
  13  1:05  Drone  
  14  1:13  Overlord  
  14  1:31  Drone  
  15  1:44  Queen  
  17  1:48  Queen  
  19  1:57  Metabolic Boost  
  19  2:14  Overlord x2  
  19  2:17  Zergling x2  
  19  2:19  Zergling x2  
  21  2:34  Zergling x2  
  21  2:35  Zergling x6  
  25  2:39  Zergling x2  
  26  2:48  Overlord  
  25  2:58  Zergling x6  
  22  3:06  Zergling x4  
  22  3:10  Zergling x2  
  23  3:16  Zergling x2  
  23  3:18  Zergling x2  
  23  3:23  Zergling x2  
  19  3:27  Zergling x2  
  17  3:51  Drone x2  
  19  3:56  Drone  
  20  4:07  Drone  
  20  4:08  Spine Crawler  
  20  4:11  Drone  
  20  4:16  Drone  
  20  4:18  Drone  
  20  4:22  Zergling x2  
  22  4:41  Zergling x6  
  19  4:59  Queen  
  21  5:12  Spine Crawler  
  21  5:13  Drone  
  21  5:17  Drone x2  
  23  5:21  Drone  
  23  5:25  Drone  
  25  5:29  Drone  
  25  5:32  Drone  
  27  5:39  Drone  
  28  5:45  Queen  
  31  5:50  Drone x2  
  32  5:59  Drone x3  
  35  6:04  Drone  
  36  6:11  Drone  
  36  6:12  Drone x3  
  40  6:21  Lair  
  40  6:24  Drone x2  
  42  6:30  Drone  
  43  6:32  Spine Crawler  
  43  6:33  Drone  
  43  6:39  Zergling x2  
  43  6:40  Zergling x2  
  42  6:51  Drone  
  42  6:52  Spine Crawler  
  42  7:00  Zergling x2  
  42  7:01  Overlord x2  
  43  7:06  Extractor  
  42  7:10  Zergling x2  
  41  7:25  Spine Crawler  
  40  7:30  Zergling x4  
  40  7:31  Zergling x2  
  40  7:32  Spire  
  40  7:33  Drone x3  
  40  7:34  Drone x2  
  40  7:35  Zergling x12  
  53  7:37  Queen  
  53  7:40  Drone  
  56  7:52  Spore Crawler  
  56  7:53  Spore Crawler  
Tags
 
Add a new tag
Caveats
  • Supply blocks, unpowered buildings, or Contaminate may cause inaccurate times.
  • Supply counts are checked every 10 seconds.